 Dungeon Crawl Stone Soup version 0.30.0-30-g96aa6591b8 (webtiles) character file.

Game seed: 16987273828307976

531329 cdecastro the Crack Shot (level 24, -10/214 (232) HPs)
             Began as a Minotaur Hunter on June 24, 2023.
             Was the Champion of Okawaru.
             Killed from afar by a red draconian scorcher (20 damage)
             ... with a bolt of magma
             ... on level 2 of the Realm of Zot on June 26, 2023.
             The game lasted 04:47:02 (65126 turns).

cdecastro the Crack Shot (Minotaur Hunter)         Turns: 65126, Time: 04:47:03

HP:   -10/214 (232) AC: 32    Str: 22    XL:     24   Next: 43%
MP:   23/28         EV: 27    Int:  6    God:    Okawaru [******]
Gold: 1438          SH:  0    Dex: 22    Spells: 23/23 levels left

rFire   + + +        a - +8 arbalest of Ciutoet Nush {freeze, rF+ SInv Stlth+}
rCold   + + .        (shield currently unavailable)
rNeg    . . .        U - +7 Kryia's mail coat {PotionHeal*2 rC+}
rPois   +            w - +0 hat {Will+}
rElec   +            J - +2 cloak of Xorgheamn {rElec Regen+ Dex+5}
rCorr   +            X - +0 pair of gloves
SInv    +            n - +1 pair of boots {Fly}
Will    +++..        k - amulet of faith
Stlth   ++           B - ring "Qose" {rPois rC+ Will+}
HPRegen 1.35/turn    P - ring of Ajona {rPois rF++ rCorr AC+4 Str-3}
MPRegen 0.21/turn

%: faith
@: about to teleport, flying, drained
A: horns 2, retaliatory headbutt, low MP 1, mutation resistance 1
}: 3/15 runes: decaying, abyssal, gossamer
a: Renounce Religion, Heroism, Finesse, Duel


You were on level 2 of the Realm of Zot.
You worshipped Okawaru.
Okawaru was exalted by your worship.
You visited 10 branches of the dungeon, and saw 45 of its levels.
You visited the Abyss 2 times.
You also visited: Sewer and Ice Cave.

You collected 6579 gold pieces.
You spent 5141 gold pieces at shops.

Inventory:

Hand Weapons
 a - the +8 arbalest of Ciutoet Nush (weapon) {freeze, rF+ SInv Stlth+}
   (Okawaru gifted it to you on level 5 of the Lair of Beasts)

   rF:        It protects you from fire.
   SInv:      It lets you see invisible.
   Stlth:     It makes you more stealthy.
 b - the +9 staff of Olgreb {rPois∞}
   (You found it on level 4 of the Swamp)

   It enhances your poison magic.
   It grants immunity to poison.
   It can be activated via the 'a'bility menu to radiate toxic energy, with
   effectiveness depending on Evocations skill.
 R - the +6 arbalest "Demonbane" {freeze, +Blink rC+ rCorr}
   (Okawaru gifted it to you on level 1 of the Lair of Beasts)

   rC:        It protects you from cold.
   +Blink:    It lets you blink.
   rCorr:     It protects you from acid and corrosion.
 Z - a +4 antimagic hand crossbow
Armour
 c - quicksilver dragon scales
 n - a +1 pair of boots of flying (worn)
 w - a +0 hat of willpower (worn)
 J - the +2 cloak of Xorgheamn (worn) {rElec Regen+ Dex+5}
   (Okawaru gifted it to you on level 3 of the Lair of Beasts)

   Dex:       It affects your dexterity (+5).
   rElec:     It insulates you from electricity.
   Regen:     It increases your rate of health regeneration.
 U - the +7 Kryia's mail coat (worn) {PotionHeal*2 rC+}
   (Okawaru gifted it to you on level 4 of the Depths)

   PotionHeal*2: Potions heal its wearer twice as much.
   rC:        It protects you from cold.
 X - a +0 pair of gloves (worn)
Jewellery
 k - an amulet of faith (around neck)
 x - a ring of positive energy
 B - the ring "Qose" (left hand) {rPois rC+ Will+}
   (You bought it in a shop on level 2 of the Orcish Mines)

   [ring of poison resistance]

   rC:        It protects you from cold.
   rPois:     It protects you from poison.
   Will:      It increases your willpower.
 P - the ring of Ajona (right hand) {rPois rF++ rCorr AC+4 Str-3}
   (You bought it in a shop on level 2 of the Orcish Mines)

   [ring of protection]

   AC:        It affects your AC (+4).
   Str:       It affects your strength (-3).
   rF:        It greatly protects you from fire.
   rPois:     It protects you from poison.
   rCorr:     It protects you from acid and corrosion.
 Q - the ring of Autumn {Will+ Dex+2 Slay+2}
   (You took it off a spriggan air mage on level 1 of the Depths)

   [ring of willpower]

   Dex:       It affects your dexterity (+2).
   Slay:      It affects your accuracy & damage with ranged weapons and melee
   (+2).
   Will:      It increases your willpower.
 V - the amulet of the Princeling {Faith rElec rN+ Str-3 Stlth+}
   (You took it off a deep elf death mage on level 3 of the Elven Halls)

   [amulet of faith]

   It allows you to gain divine favour quickly.
   Str:       It affects your strength (-3).
   rElec:     It insulates you from electricity.
   rN:        It protects you from negative energy.
   Stlth:     It makes you more stealthy.
Wands
 i - a wand of digging (15)
 s - a wand of mindburst (89)
 t - a wand of flame (81)
 u - a wand of polymorph (19)
 y - a wand of acid (30)
 L - a wand of paralysis (57)
 T - a wand of iceblast (30)
Scrolls
 d - 9 scrolls of fog
 g - 13 scrolls of teleportation
 l - 2 scrolls of torment
 p - 6 scrolls of fear
 q - 20 scrolls of magic mapping
 v - 3 scrolls of vulnerability
 A - 10 scrolls of poison
 C - a scroll of enchant armour
 G - 4 scrolls of silence
 H - 2 scrolls of blinking
 W - 10 scrolls of immolation
Potions
 e - 5 potions of brilliance
 f - 9 potions of flight
 h - 8 potions of lignification
 j - 2 potions of magic
 m - 3 potions of cancellation
 r - 17 potions of curing
 D - 8 potions of might
 E - 2 potions of resistance
 F - 9 potions of haste
 I - 10 potions of attraction
 K - 2 potions of heal wounds
 M - 7 potions of invisibility
Miscellaneous
 o - a phial of floods
 z - a lightning rod (4/4)
 O - a tin of tremorstones (2/2)


   Skills:
 - Level 22.2 Fighting
 + Level 24.4 Ranged Weapons
 * Level 23.2 Armour
 - Level 22.3 Dodging
 - Level 0.7 Stealth
 - Level 13.0 Invocations
 - Level 18.1 Evocations


You had 23 spell levels left.
You didn't know any spells.
Your spell library contained the following spells:

 Spells                   Type           Power      Damage    Failure   Level
 Apportation              Tloc           0%         N/A       63%         1
 Beastly Appendage        Tmut           0%         N/A       63%         1
 Foxfire                  Conj/Fire      0%         2x1d4     63%         1
 Necrotise                Necr           0%         1d4       63%         1
 Shock                    Conj/Air       0%         1d3       63%         1
 Cigotuvi's Dreadful Rot  Necr/Pois/Air  0%         N/A       77%         2
 Ensorcelled Hibernation  Hex/Ice        0%         N/A       77%         2
 Passwall                 Tmut/Erth      0%         N/A       77%         2
 Poisonous Vapours        Pois/Air       0%         N/A       77%         2
 Sublimation of Blood     Necr           0%         N/A       77%         2
 Wereblood                Tmut           0%         N/A       77%         2
 Frozen Ramparts          Ice            0%         1d1       94%         3
 Gell's Gravitas          Tloc           0%         N/A       94%         3
 Hailstorm                Conj/Ice       0%         3d3       94%         3
 Ignite Poison            Fire/Tmut/Pois 0%         N/A       94%         3
 Mephitic Cloud           Conj/Pois/Air  0%         N/A       94%         3
 Ozocubu's Armour         Ice            0%         N/A       94%         3
 Portal Projectile        Hex/Tloc       0%         N/A       94%         3
 Spider Form              Tmut/Pois      0%         N/A       94%         3
 Swiftness                Air            0%         N/A       94%         3
 Vampiric Draining        Necr           0%         2d6       94%         3
 Volatile Blastmotes      Fire/Tloc      0%         2d10      94%         3
 Airstrike                Air            0%         2d(0-16)  100%        4
 Ice Form                 Ice/Tmut       0%         N/A       100%        4
 Olgreb's Toxic Radiance  Pois           0%         N/A       100%        4
 Passage of Golubria      Tloc           0%         N/A       100%        4
 Petrify                  Tmut/Erth      0%         N/A       100%        4
 Agony                    Necr           0%         N/A       100%        5
 Alistair's Intoxication  Tmut/Pois      0%         N/A       100%        5
 Blade Hands              Tmut           0%         N/A       100%        5
 Fireball                 Conj/Fire      0%         3d3       100%        5
 Freezing Cloud           Conj/Ice/Air   0%         6-21      100%        5
 Irradiate                Conj/Tmut      0%         3d11      100%        5
 Iskenderun's Battlesphe  Conj           0%         2d6       100%        5
 Metabolic Englaciation   Hex/Ice        0%         N/A       100%        5
 Yara's Violent Unravell  Hex/Tmut       0%         3d3       100%        5
 Conjure Ball Lightning   Conj/Air       0%         3x3d6     100%        6
 Dispersal                Tloc           0%         N/A       100%        6
 Iron Shot                Conj/Erth      0%         9d1       100%        6
 Plasma Beam              Fire/Air       0%         2x1d11    100%        6
 Starburst                Conj/Fire      0%         6d3       100%        6
 Dragon Form              Tmut           0%         N/A       100%        7
 Orb of Destruction       Conj           0%         9d5       100%        7
 Ozocubu's Refrigeration  Ice            0%         4d7       100%        7
 Storm Form               Tmut/Air       0%         N/A       100%        7
 Discord                  Hex            0%         N/A       100%        8
 Ignition                 Fire           0%         3d3       100%        8
 Maxwell's Capacitive Co  Air            0%         ∞         100%        8
 Polar Vortex             Ice            0%         N/A       100%        9
 Summon Small Mammal      Summ           Unusable   N/A       N/A         1
 Tukima's Dance           Hex            Unusable   N/A       N/A         3
 Animate Armour           Summ/Erth      Unusable   N/A       N/A         4
 Summon Ice Beast         Ice/Summ       Unusable   N/A       N/A         4
 Summon Lightning Spire   Summ/Air       Unusable   N/A       N/A         4
 Summon Forest            Summ/Tloc      Unusable   N/A       N/A         5
 Simulacrum               Ice/Necr       Unusable   N/A       N/A         6

Dungeon Overview and Level Annotations

Branches:
Dungeon (15/15)            Temple (1/1) D:7            Lair (5/5) D:8
  Swamp (4/4) Lair:2       Spider (4/4) Lair:2        Slime (0/5) Lair:5
    Orc (2/2) D:10            Elf (3/3) Orc:2        Vaults (4/5) D:13
  Crypt (0/3) Vaults:2     Depths (4/4) D:15            Zot (3/5) Depths:4
  Sewer (visited)           IceCv (visited)

Altars:
Ashenzari
Cheibriados
Dithmenos
Elyvilon
Fedhas
Gozag
Hepliaklqana
Kikubaaqudgha
Makhleb
Nemelex Xobeh
Okawaru
Qazlal
Ru
Sif Muna
Trog
Uskayaw
Vehumet
Wu Jian
Xom
Yredelemnul
Zin
The Shining One
Jiyva

Shops:
D:2 (   D:7 [   D:10 ?   D:13 =!*(   Orc:2 =[(**   Elf:1 (*   Elf:3 [
Vaults:2 [**   Vaults:4 !*   Depths:1 [   Depths:2 *

Portals:
Hell: Depths:1 Depths:2 Depths:3 Depths:4
Abyss: Depths:3
Pandemonium: Depths:2 Depths:4
Ziggurat: Depths:3

Annotations:
Vaults:4 2 transporters, Nornya's ghost, veteran MfSu
Depths:4 Frederick
Zot:1 2 transporters


Innate Abilities, Weirdness & Mutations

You have a pair of horns on your head.
You reflexively headbutt those who attack you in melee.
Your magical capacity is low. (-10% MP)
You are somewhat resistant to further mutation.


Message History

You feel drained. The green draconian monk misses you. You furiously retaliate!
You headbutt the green draconian monk!
The green draconian monk barely misses you.
The green draconian monk tail-slaps you but does no damage.
The green draconian monk closely misses you.
The white draconian hits you but does no damage.
The red draconian scorcher points at you and mumbles some strange words.
The bolt of fire hits you. You resist.
* * * LOW HITPOINT WARNING * * *
Unknown command.
Fire: a) +8 arbalest of Ciutoet Nush {freeze, rF+ SInv Stlth+}
Press: ? - help, Q - select action, (/) - cycle Shift-Dir - straight line, f/p - red draconian scorcher
Aim: a red draconian scorcher, wielding a +0 long sword of protection and wearing a +0 cloak (almost dead, poisoned, slow, 76% to hit)
You shoot a bolt.
The bolt hits the red draconian scorcher.
The red draconian scorcher seems to slow down.
The bolt freezes the red draconian scorcher.
The red draconian scorcher is almost dead.
The red draconian barely misses you. The white draconian misses you.
The green draconian monk hits you but does no damage.
The green draconian monk kicks you.
* * * LOW HITPOINT WARNING * * *
The green draconian monk tail-slaps you but does no damage. x2
Unknown command.
Fire: a) +8 arbalest of Ciutoet Nush {freeze, rF+ SInv Stlth+}
Press: ? - help, Q - select action, (/) - cycle Shift-Dir - straight line, f/p - red draconian scorcher
Aim: a red draconian scorcher, wielding a +0 long sword of protection and wearing a +0 cloak (almost dead, poisoned, slow, 76% to hit)
You shoot a bolt.
The bolt hits the red draconian scorcher but does no damage.
The red draconian scorcher is almost dead.
The red draconian hits you with a +2 mace of draining!
* * * LOW HITPOINT WARNING * * *
You feel drained.
The green draconian monk hits you but does no damage.
The green draconian monk closely misses you.
The green draconian monk tail-slaps you but does no damage. x2
The white draconian misses you.
The red draconian scorcher casts a spell at you.
The bolt of magma hits you!! You partially resist.
You die...

..#..#######...##
....##.# #....#
....#..### ##...###
#.(....#.# #.....#
....#'#..#####....#
#..##.####.###...####
####...##...######..##
.##.....'...# #)q...#
..##...##...####@d..##
...##.###....#.d)q..#
...####.##...#....#####
...'..................#
..##.....##.....#.##..#
.###...##.##>..##...#.#
##......#.#....#....#.#
###.....###...##......#
...#.#..#.....####....#


You could see a green draconian monk, a red draconian (poisoned), a white
draconian (very poisoned) and a red draconian scorcher (poisoned, slow).

Vanquished Creatures
  A dread lich (Depths:2)
  An ancient lich (Vaults:3)
  An orb of fire (Zot:1)
  Mara (Depths:2)
  A juggernaut (Depths:4)
  2 shard shrikes (Zot:1)
  the Lernaean hydra (Swamp:4)
  Margery (Depths:2)
  A caustic shrike (Arena)
  A profane servitor (Abyss:4)
  4 golden dragons
  A bone dragon (Abyss:4)
  A walking crystal tome (Depths:1)
  5 liches
  8 tentacled monstrosities
  2 Ice Fiends
  2 deep elf master archers
  3 quicksilver dragons
  A walking frostbound tome (Abyss:4)
  A shard shrike skeleton (Abyss:3)
  Gastronok (D:9)
  4 sphinxes
  4 death cobs
  5 tentacled starspawn
  A thorn hunter (Swamp:1)
  6 tengu reavers
  10 shadow dragons
  4 storm dragons
  2 draconian monks
  6 fire giants
  A fenstrider witch (Swamp:2)
  A draconian knight (Depths:4)
  10 deep elf sorcerers
  Aizul (Swamp:3)
  8 vault wardens
  14 frost giants
  A draconian scorcher (Depths:4)
  4 emperor scorpions (Spider:4)
  2 ghost moths
  2 draconian shifters
  3 balrugs
  A curse skull (Vaults:2)
  15 ironbound preservers
  A ghoul (Vaults:2)
  A shard shrike simulacrum (Abyss:4)
  3 orc warlords
  A deep elf elementalist (Elf:3)
  2 draconian stormcallers
  2 war gargoyles
  3 spriggan defenders
  5 ironbound thunderhulks
  A reaper (Depths:4)
  14 stone giants
  36 very ugly things
  2 broodmothers
  4 draconian annihilators
  3 vampire knights
  5 green draconians
  2 black draconians
  4 deep elf demonologists
  8 deep elf annihilators
  6 white draconians
  6 eleionomae
  7 red draconians
  14 spark wasps
  2 bunyips
  11 yellow draconians
  10 dire elephants
  2 crystal guardians
  9 purple draconians
  4 deep elf death magi (Elf:3)
  A merfolk javelineer (Depths:4)
  11 ettins
  A blizzard demon (Depths:2)
  12 fire dragons
  A merfolk impaler (Depths:4)
  6 yaktaur captains
  4 deep elf high priests
  20 hydras
  3 great orbs of eyes
  7 entropy weavers
  2 ghost crabs
  6 rakshasas
  23 ice dragons
  13 vault guards
  2 ogre magi (D:15)
  2 catoblepae
  2 radroaches
  A hell beast (Depths:4)
  3 caustic shrike simulacra (IceCv)
  The ghost of cheesebisquit the Grappler, a novice TrFi of Wu Jian (D:10)
  6 peacekeepers
  3 jorogumos
  6 spriggan air magi
  11 ironbound frosthearts
  6 boulder beetles
  28 dancing weapons
  9 centaur warriors
  A death knight (Vaults:2)
  The ghost of monsoonserge the Basher, a novice MeMo of Nemelex Xobeh (D:7)
  11 two-headed ogres
  A death yak (Lair:2)
  13 alligators
  9 tengu warriors
  5 deep troll shamans
  3 thrashing horrors (Abyss:3)
  8 death scarabs (Spider:4)
  4 hell hogs (Depths:1)
  6 deep troll earth magi
  2 spriggan berserkers
  3 vampire magi
  10 deep elf knights
  5 orc high priests
  4 soul eaters
  12 hell knights
  A skyshark (shapeshifter) (Depths:1)
  A wretched star (Abyss:3)
  3 skysharks
  4 sun demons
  4 pharaoh ants
  A sixfirhy (Abyss:3)
  3 skeletal warriors (D:14)
  3 iron trolls
  4 spriggan druids
  6 flayed ghosts
  10 goliath frogs
  A swamp dragon (shapeshifter) (D:13)
  5 glowing orange brains
  42 deep trolls
  13 swamp dragons
  A quicksilver dragon simulacrum (Depths:4)
  6 orb spiders
  A spriggan simulacrum (Abyss:3)
  17 wizards
  17 ironbound convokers
  6 bog bodies
  4 steelbarb worms
  2 obsidian statues (IceCv)
  12 deep elf archers
  A spectral wolf spider (Spider:4)
  2 phantasmal warriors (Vaults:4)
  6 necromancers
  11 lindwurms
  30 deep elf pyromancers
  A human zombie (Vaults:3)
  32 ugly things
  7 orc knights
  2 orc sorcerers
  A wolf spider zombie (Spider:4)
  17 moths of wrath
  27 deep elf zephyrmancers
  A mana viper (shapeshifter) (Depths:4)
  5 will-o-the-wisps
  2 salamanders (Depths:1)
  16 wolf spiders
  37 elephants
  9 cyclopes
  5 manticores
  2 black mambas
  A guardian serpent (Lair:5)
  2 ice statues (Depths:2)
  15 vault sentinels
  9 demonic crawlers
  3 smoke demons
  3 torpor snails
  An elf zombie (Vaults:3)
  22 cane toads
  A gargoyle (D:13)
  An orange demon (Abyss:3)
  2 redback zombies (Spider:4)
  4 kobold demonologists
  16 komodo dragons
  5 rime drakes
  8 freezing wraiths
  An unseen horror (D:11)
  16 yaktaurs
  An anaconda simulacrum (IceCv)
  5 tengu conjurers
  An ancient zyme (Abyss:4)
  2 efreet (D:14)
  A bloated husk (Swamp:3)
  3 ice devils
  A queen bee (shapeshifter) (Elf:2)
  A silent spectre (Abyss:3)
  A merfolk (shapeshifter) (Depths:1)
  3 spectral jumping spiders (Spider:4)
  4 spectral tarantellas (Spider:4)
  2 polar bears
  4 meliai
  A wind drake (shapeshifter) (D:14)
  9 tyrant leeches
  A spectral culicivora (Spider:4)
  10 hornets
  2 hellwings
  4 jumping spider zombies (Spider:4)
  4 trolls
  A tarantella zombie (Spider:4)
  24 tarantellas
  30 blink frogs
  2 raiju (Abyss:3)
  A culicivora zombie (Spider:4)
  3 dream sheep
  A jumping spider (shapeshifter) (Abyss:4)
  34 jumping spiders
  30 slime creatures
  16 spriggans
  4 air elementals
  A centaur simulacrum (D:14)
  8 water elementals
  6 vampires
  20 culicivoras
  2 wraiths
  A shadow (D:10)
  5 ynoxinuls
  A basilisk (shapeshifter) (D:12)
  A fire elemental (Elf:3)
  9 basilisks
  A steam dragon (Lair:2)
  A human (shapeshifter) (Elf:2)
  5 wyverns
  5 large abominations
  75 yaks
  9 chaos spawn
  A golden eye (D:11)
  18 humans
  Menkaure (D:5)
  23 vampire mosquitoes
  3 neqoxecs
  54 redbacks
  A minotaur simulacrum (IceCv)
  Edmund (D:5)
  A harpy simulacrum (IceCv)
  12 swamp worms
  7 wargs
  A yaktaur simulacrum (Vaults:2)
  6 hydra simulacra (IceCv)
  22 water moccasins
  2 floating eyes
  13 swamp drakes
  3 ice beasts
  25 orc warriors
  7 black bears
  3 ettin simulacra
  3 sky beasts
  10 ogres
  7 boggarts
  2 human skeletons
  21 wolves
  7 centaurs
  25 bullfrogs
  5 small abominations
  3 kobold brigands (D:10)
  3 gnoll sergeants
  12 earth elementals
  2 deep troll simulacra (IceCv)
  5 scorpions
  16 wights
  15 killer bees
  A lindwurm simulacrum (IceCv)
  3 howler monkeys
  9 electric eels
  5 jellies
  3 hounds (D:4)
  15 orc priests
  A sleepcap (D:8)
  Terence (D:2)
  5 iguanas
  14 orc wizards
  7 hell rats
  Robin (D:2)
  10 adders
  10 gnolls
  A river rat (Sewer)
  2 shadow imps
  An ufetubus (D:4)
  3 worms
  3 dart slugs
  58 orcs
  5 ball pythons
  5 bats
  8 endoplasms
  5 giant cockroaches
  14 goblins
  15 hobgoblins
  8 jackals
  10 kobolds
  4 quokkas
  4 frilled lizards
  8 rats
  2 starspawn tentacles (Abyss:3)
2029 creatures vanquished.

Vanquished Creatures (others)
  A wizard (Depths:2)
  2 large abominations (Abyss:4)
  2 bloated husks
  A tarantella (Spider:4)
  A swamp drake (Swamp:2)
  10 foxfires
  12 starspawn tentacles
29 creatures vanquished.

Grand Total: 2058 creatures vanquished

Notes
Turn   | Place    | Note
-------+----------+-------------------------------------------
     0 | D:1      | cdecastro the Minotaur Hunter began the quest for the Orb.
     0 | D:1      | Reached XP level 1. HP: 18/18 MP: 0/0
   267 | D:1      | Reached XP level 2. HP: 25/25 MP: 1/1
   350 | D:1      | Found a faded altar of an unknown god.
   428 | D:1      | Prayed at the altar of an unknown god.
   428 | D:1      | Became a worshipper of Warmaster Okawaru
   428 | D:1      | Reached * piety under Okawaru
   492 | D:1      | Reached skill level 5 in Ranged Weapons
   972 | D:2      | Noticed Terence
   980 | D:2      | Killed Terence
   981 | D:2      | Reached XP level 3. HP: 19/31 MP: 2/2
  1080 | D:2      | Reached XP level 4. HP: 38/38 MP: 3/3
  1096 | D:2      | Noticed Robin
  1161 | D:2      | Killed Robin
  1211 | D:2      | Found Afuadour's Weapon Boutique.
  1222 | D:2      | Reached ** piety under Okawaru
  1356 | D:2      | Reached skill level 6 in Ranged Weapons
  1586 | D:3      | Noticed an ice beast
  1599 | D:3      | Killed an ice beast
  1600 | D:3      | Reached XP level 5. HP: 20/47 MP: 1/4
  2241 | D:4      | Reached skill level 7 in Ranged Weapons
  2355 | D:4      | Reached XP level 6. HP: 53/53 MP: 5/5
  2393 | D:4      | You fall into a shaft and drop 3 floors!
  2396 | D:7      | Found a sacrificial altar of Ru.
  2403 | D:7      | Reached skill level 1 in Invocations
  2408 | D:7      | Noticed a water moccasin
  2417 | D:7      | Killed a water moccasin
  2488 | D:7      | Found Yhugg's Antique Armour Shop.
  2516 | D:7      | Reached *** piety under Okawaru
  2521 | D:7      | Reached XP level 7. HP: 26/60 MP: 6/8
  2636 | D:7      | Found a bloodstained altar of Trog.
  2711 | D:7      | Found a staircase to the Ecumenical Temple.
  2838 | Temple   | Entered the Ecumenical Temple
  2934 | D:7      | Reached skill level 8 in Ranged Weapons
  3140 | D:5      | Entered Level 5 of the Dungeon
  3257 | D:5      | Reached skill level 5 in Fighting
  3394 | D:5      | Found a glowing drain.
  3439 | Sewer    | Entered a sewer
  3874 | D:4      | Reached XP level 8. HP: 69/70 MP: 10/10
  4366 | D:5      | Reached **** piety under Okawaru
  4430 | D:4      | Reached skill level 5 in Invocations
  4573 | D:5      | Noticed Edmund
  4595 | D:5      | Killed Edmund
  4793 | D:5      | Noticed Menkaure
  4806 | D:5      | Killed Menkaure
  5203 | D:5      | Found a white marble altar of Elyvilon.
  5204 | D:5      | Found a glowing silver altar of Zin.
  5204 | D:5      | Found a stormy altar of Qazlal.
  5215 | D:5      | Reached skill level 9 in Ranged Weapons
  5229 | D:5      | Found an ornate altar of the Wu Jian Council.
  5229 | D:5      | Found a basalt altar of Yredelemnul.
  6514 | D:6      | Noticed a manticore
  6526 | D:6      | Killed a manticore
  6527 | D:6      | Reached XP level 9. HP: 23/75 MP: 11/14
  7555 | D:7      | Reached skill level 10 in Ranged Weapons
  7744 | D:7      | Found a shimmering altar of Xom.
  7746 | D:7      | Found a snail-covered altar of Cheibriados.
  8101 | D:7      | Noticed monsoonserge's ghost (novice MeMo)
  8102 | D:7      | Found a runed translucent door.
  8190 | D:7      | Found a hazy altar of Hepliaklqana.
  8193 | D:7      | Found a shadowy altar of Dithmenos.
  9073 | D:8      | Reached XP level 10. HP: 55/90 MP: 13/15
  9260 | D:8      | Noticed a deep elf pyromancer
  9272 | D:8      | Killed a deep elf pyromancer
  9273 | D:8      | Reached skill level 11 in Ranged Weapons
  9557 | D:8      | Reached skill level 10 in Fighting
  9832 | D:8      | Found a staircase to the Lair.
 10772 | D:9      | Noticed a two-headed ogre
 10786 | D:9      | Killed a two-headed ogre
 11170 | D:9      | Reached skill level 12 in Ranged Weapons
 11456 | D:9      | Reached ***** piety under Okawaru
 11612 | D:9      | Noticed Gastronok
 11643 | D:9      | Killed Gastronok
 11643 | D:9      | Received a gift from Okawaru
 11644 | D:9      | Reached XP level 11. HP: 70/105 MP: 10/16
 11949 | D:10     | Entered Level 10 of the Dungeon
 12273 | D:10     | Found Otoano Asouc's Magic Scroll Emporium.
 12281 | D:10     | Bought 2 scrolls of magic mapping for 165 gold pieces
 12281 | D:10     | Bought a scroll of blinking for 82 gold pieces
 12281 | D:10     | Bought a scroll of fear for 44 gold pieces
 12281 | D:10     | Bought a scroll of noise for 11 gold pieces
 12281 | D:10     | Bought a scroll of identify for 22 gold pieces
 12281 | D:10     | Bought a scroll of fear for 44 gold pieces
 12281 | D:10     | Bought a scroll of identify for 22 gold pieces
 12282 | D:10     | Found a transporter.
 12288 | D:10     | Found a transporter.
 12289 | D:10     | Noticed cheesebisquit's ghost (novice TrFi)
 12311 | D:10     | Found a blossoming altar of Fedhas.
 12363 | D:10     | Noticed a two-headed ogre
 12375 | D:10     | Killed a two-headed ogre
 12785 | D:10     | Noticed a sun demon
 13277 | D:10     | Found a staircase to the Orcish Mines.
 13533 | D:9      | Reached skill level 13 in Ranged Weapons
 13539 | D:9      | Received a gift from Okawaru
 13731 | D:10     | Noticed a soul eater
 14095 | D:11     | Noticed a cyan ugly thing
 14103 | D:10     | Killed a cyan ugly thing
 14315 | D:10     | HP: 4/111 [something (7)]
 14315 | D:10     | HP: 1/111 [something (3)]
 14623 | D:11     | Noticed a boulder beetle
 15104 | D:10     | Reached skill level 15 in Fighting
 15221 | D:11     | HP: 3/112 [boulder beetle (15)]
 15690 | D:11     | Killed a boulder beetle
 15806 | Orc:1    | Entered Level 1 of the Orcish Mines
 15948 | Orc:1    | Reached XP level 12. HP: 46/119 MP: 16/18
 16209 | Orc:2    | Entered Level 2 of the Orcish Mines
 16209 | Orc:2    | Found a staircase to the Elven Halls.
 16210 | Orc:2    | Noticed an orc high priest
 16301 | Orc:2    | Noticed an orc high priest
 16308 | Orc:1    | Reached skill level 1 in Armour
 16953 | Orc:2    | Noticed an orc high priest
 17041 | Orc:2    | Noticed an orc warlord
 17127 | Lair:1   | Entered Level 1 of the Lair of Beasts
 17356 | D:8      | Reached skill level 14 in Ranged Weapons
 17629 | Lair:1   | Reached skill level 5 in Armour
 18638 | Lair:1   | Identified the +6 arbalest "Demonbane" {freeze, +Blink rC+
                  | rCorr} (Okawaru gifted it to you on level 1 of the Lair of
                  | Beasts)
 18638 | Lair:1   | Received a gift from Okawaru
 18914 | Lair:2   | Reached skill level 1 in Evocations
 19097 | Lair:2   | Found a staircase to the Swamp.
 19310 | Lair:2   | Found a hole to the Spider Nest.
 19344 | Lair:2   | Identified the +3 ring mail of Zostrinebb {rElec rPois rF+
                  | rCorr} (Okawaru gifted it to you on level 2 of the Lair of
                  | Beasts)
 19344 | Lair:2   | Received a gift from Okawaru
 19495 | Lair:2   | Reached skill level 15 in Ranged Weapons
 19495 | Lair:2   | Reached skill level 5 in Evocations
 19514 | Lair:2   | Reached XP level 13. HP: 126/126 MP: 19/19
 20336 | Lair:3   | Reached ****** piety under Okawaru
 20350 | Lair:3   | Received a gift from Okawaru
 20415 | Lair:3   | Identified the +2 cloak of Xorgheamn {rElec Regen+ Dex+5}
                  | (Okawaru gifted it to you on level 3 of the Lair of Beasts)
 20415 | Lair:3   | Received a gift from Okawaru
 21127 | Lair:4   | Reached skill level 16 in Ranged Weapons
 21597 | Lair:4   | Reached XP level 14. HP: 135/135 MP: 20/20
 21616 | Lair:3   | Reached skill level 10 in Evocations
 21917 | Lair:5   | Entered Level 5 of the Lair of Beasts
 22018 | Lair:5   | Identified the +8 arbalest of Ciutoet Nush {freeze, rF+
                  | SInv Stlth+} (Okawaru gifted it to you on level 5 of the
                  | Lair of Beasts)
 22018 | Lair:5   | Received a gift from Okawaru
 22064 | Lair:5   | Reached skill level 10 in Invocations
 22109 | Lair:4   | HP: 6/135 [poisoned by a cane toad]
 22505 | Lair:5   | Received a gift from Okawaru
 22524 | Lair:5   | Reached skill level 17 in Ranged Weapons
 22741 | Lair:5   | Received a gift from Okawaru
 22873 | Lair:5   | Noticed Nessos
 22876 | Lair:5   | Nessos changed into Nessos the guardian serpent
 22876 | Lair:5   | Noticed Nessos
 22884 | Lair:5   | Killed Nessos the guardian serpent
 22914 | Lair:5   | Found a staircase to the Slime Pits.
 22925 | Lair:5   | Found a viscous altar of Jiyva.
 23102 | Lair:5   | Identified the -1 pair of boots of Fashionability {+Inv}
                  | (Okawaru gifted it to you on level 5 of the Lair of Beasts)
 23102 | Lair:5   | Received a gift from Okawaru
 23119 | Lair:5   | Identified the +7 rapier "Veameum" {flame, rC- Str+4 Dex+9}
 23990 | D:11     | Found a radiant altar of Vehumet.
 24075 | D:11     | Noticed Sonja
 24076 | D:11     | Sonja changed into Sonja the golden eye
 24076 | D:11     | Noticed Sonja
 24077 | D:11     | Killed Sonja the golden eye
 24276 | D:12     | Reached XP level 15. HP: 141/141 MP: 23/23
 24709 | D:13     | Found Cusiama's Antique Weapon Shoppe.
 24710 | D:13     | Found Fairoj's Assorted Antiques.
 24786 | D:13     | Found Zelligoj's Distillery.
 24792 | D:13     | Reached skill level 5 in Dodging
 24838 | D:13     | Reached skill level 18 in Ranged Weapons
 24868 | D:13     | Received a gift from Okawaru
 24896 | D:13     | Got Vasurphag's Compendium of Viperous Algor
 24911 | D:13     | Found Haqih's Jewellery Shoppe.
 25261 | D:13     | Found a gate to the Vaults.
 25888 | D:14     | Found a white marble altar of Elyvilon.
 26030 | D:15     | Entered Level 15 of the Dungeon
 26097 | D:15     | Identified the +3 sling of Zaphuah {speed, rF++ Str-3
                  | Int+4} (Okawaru gifted it to you on level 15 of the
                  | Dungeon)
 26097 | D:15     | Received a gift from Okawaru
 26343 | D:15     | Reached skill level 10 in Armour
 26363 | D:15     | Found a staircase to the Depths.
 26368 | D:15     | Identified the +2 crystal plate armour "Xoheb" {Int+6}
                  | (Okawaru gifted it to you on level 15 of the Dungeon)
 26368 | D:15     | Received a gift from Okawaru
 27136 | Orc:1    | Reached XP level 16. HP: 114/152 MP: 24/24
 27261 | Orc:2    | Found Dunialebb's Antique Weapon Boutique.
 27567 | Orc:2    | Found Biomy's General Store.
 27631 | Orc:2    | Found Weipiukkeo's General Store.
 27684 | Orc:2    | Found Etuetew's Antique Armour Boutique.
 27702 | Orc:2    | Bought a pair of runed boots for 232 gold pieces
 27720 | Orc:2    | Found Qimyow's Jewellery Shoppe.
 28131 | D:7      | Bought a brightly glowing plate armour for 700 gold pieces
 28131 | D:7      | Identified the +3 plate armour of Eternal Vigilance {rC+
                  | Str+3} (You bought it in a shop on level 7 of the Dungeon)
 28237 | Orc:2    | Bought the ring "Qose" {rPois rC+ Will+} for 554 gold
                  | pieces
 28347 | D:13     | Bought a brightly glowing scale mail for 315 gold pieces
 28347 | D:13     | Identified the +6 scale mail of the Good {Harm} (You bought
                  | it in a shop on level 13 of the Dungeon)
 28647 | D:7      | Killed monsoonserge's ghost
 28754 | D:10     | Killed cheesebisquit's ghost
 28913 | Swamp:1  | Entered Level 1 of the Swamp
 29138 | Swamp:1  | Noticed a thorn hunter
 29145 | Arena    | Entered the Arena
 29184 | Swamp:1  | Killed a thorn hunter
 29358 | Swamp:1  | Received a gift from Okawaru
 29381 | Swamp:1  | You are sucked into a shaft and drop 1 floor!
 29629 | Swamp:2  | Paralysed by a fenstrider witch for 5 turns
 30386 | Swamp:2  | Found the +4 consecrated labrys {holy, Valiant Fragile Fly
                  | SInv}
 30850 | Swamp:3  | Found a bloodstained altar of Trog.
 31020 | Swamp:3  | Noticed Aizul
 31038 | Swamp:3  | Killed Aizul
 31390 | Swamp:4  | Entered Level 4 of the Swamp
 31430 | Swamp:4  | Reached skill level 15 in Armour
 31475 | Swamp:4  | Reached XP level 17. HP: 165/165 MP: 25/25
 31490 | Swamp:4  | Identified the +0 hat of Free Expression {Int+3 Dex+3}
                  | (Okawaru gifted it to you on level 4 of the Swamp)
 31490 | Swamp:4  | Received a gift from Okawaru
 31744 | Swamp:4  | Noticed a tentacled monstrosity
 31755 | Swamp:4  | Killed a tentacled monstrosity
 31842 | Swamp:4  | Found the +9 staff of Olgreb {rPois∞}
 32261 | Swamp:4  | Noticed the 27-headed Lernaean hydra
 32269 | Swamp:4  | Killed the 27-headed Lernaean hydra
 32429 | Swamp:4  | Got a decaying rune of Zot
 32653 | Spider:1 | Entered Level 1 of the Spider Nest
 33288 | Spider:1 | Received a gift from Okawaru
 33339 | Spider:1 | Identified the +2 scale mail of Uschen {Drain Regen+ Dex+4}
 34386 | Spider:2 | You are sucked into a shaft and drop 1 floor!
 34510 | Spider:3 | Received a gift from Okawaru
 35164 | Spider:2 | Reached XP level 18. HP: 154/175 MP: 1/26
 36077 | Spider:4 | Entered Level 4 of the Spider Nest
 36174 | Spider:4 | Identified the +0 hat "Wicy" {rElec SInv} (Okawaru gifted
                  | it to you on level 4 of the Spider Nest)
 36174 | Spider:4 | Received a gift from Okawaru
 36754 | Spider:4 | Identified the staff of conjuration "Wytibopyj" {Stlth+}
 37732 | Spider:4 | Identified the +3 longbow of the Wraith {heavy, Will+ rCorr
                  | Int-3} (Okawaru gifted it to you on level 4 of the Spider
                  | Nest)
 37732 | Spider:4 | Received a gift from Okawaru
 37738 | Spider:4 | Reached skill level 10 in Dodging
 37805 | Spider:4 | Found the +3 hat of Pondering {ponderous, Will+ MP+10
                  | Int+5}
 37820 | Spider:4 | Got a gossamer rune of Zot
 39344 | Elf:1    | Entered Level 1 of the Elven Halls
 39618 | Elf:1    | Found Huil's Weapon Boutique.
 39821 | Elf:1    | Found Nilofiet's Neck Hole.
 39982 | Abyss:3  | Cast into level 3 of the Abyss (+1 glaive of distortion)
 40073 | Abyss:3  | Identified the +1 hat of the Mind {-Cast rC++ Dex+4}
                  | (Okawaru gifted it to you on level 3 of the Abyss)
 40073 | Abyss:3  | Received a gift from Okawaru
 40207 | Abyss:3  | Gained mutation: Your magical capacity is low. (-10% MP) [a
                  | neqoxec]
 40282 | Abyss:3  | Found a corrupted altar of Lugonu.
 40310 | Abyss:3  | Paralysed by a floating eye for 2 turns
 40316 | Abyss:3  | Got an abyssal rune of Zot
 40323 | Abyss:3  | Found a corrupted altar of Lugonu.
 40345 | Elf:1    | Escaped the Abyss
 40346 | Arena    | Entered the Arena
 40350 | Arena    | Reached XP level 19. HP: 58/185 MP: 16/24
 41087 | Elf:2    | Found a huge runed translucent gate.
 41087 | Elf:2    | Found a huge runed translucent gate.
 41087 | Elf:2    | Found a huge runed translucent gate.
 41087 | Elf:2    | Found a huge runed translucent gate.
 41088 | Elf:2    | Found a huge runed translucent gate.
 41133 | Elf:2    | Identified the +6 shortbow of Okawaru's Reproof {antimagic,
                  | Str+3 SInv} (Okawaru gifted it to you on level 2 of the
                  | Elven Halls)
 41133 | Elf:2    | Received a gift from Okawaru
 41215 | Elf:2    | Found a frozen archway.
 41242 | IceCv    | Entered an ice cave
 41648 | Arena    | Entered the Arena
 42731 | Elf:2    | Identified the +5 scale mail of the Thunderstorm {-Tele rC+
                  | rN+++ Dex+3} (Okawaru gifted it to you on level 2 of the
                  | Elven Halls)
 42731 | Elf:2    | Received a gift from Okawaru
 43864 | Vaults:1 | Entered Level 1 of the Vaults
 43946 | Vaults:1 | Reached skill level 15 in Dodging
 44856 | Vaults:1 | Received a gift from Okawaru
 45024 | Arena    | Entered the Arena
 45759 | Vaults:2 | Reached XP level 20. HP: 180/193 MP: 25/25
 45935 | Vaults:2 | Found Ufekoeff's Antique Armour Shoppe.
 46595 | Vaults:2 | Found a staircase to the Crypt.
 46734 | Vaults:2 | Identified the +1 broad axe "Tyhuiff" {vamp, Fragile rElec
                  | Str+5 Dex+3} (Okawaru gifted it to you on level 2 of the
                  | Vaults)
 46734 | Vaults:2 | Received a gift from Okawaru
 46885 | Vaults:2 | Found Lozashru's General Store.
 47322 | Vaults:2 | Found Fiashe Vyluh's General Store.
 47331 | Vaults:2 | Bought a potion of curing for 36 gold pieces
 47331 | Vaults:2 | Bought a scroll of fog for 48 gold pieces
 47376 | Vaults:2 | Reached skill level 19 in Ranged Weapons
 47690 | Vaults:3 | Identified a scroll of acquirement
 47704 | Vaults:3 | Noticed an ancient lich
 47744 | Arena    | Entered the Arena
 47746 | Arena    | HP: 9/181 [ironbound frostheart (16)]
 47901 | Vaults:3 | Killed an ancient lich
 48095 | Vaults:3 | Identified the +1 robe "Woshroiki" {Dex+2} (Okawaru gifted
                  | it to you on level 3 of the Vaults)
 48095 | Vaults:3 | Received a gift from Okawaru
 49227 | Vaults:4 | Found Guatonui's Distillery.
 49272 | Abyss:4  | Cast into level 4 of the Abyss (tengu reaver)
 49392 | Abyss:4  | Noticed a bone dragon
 49550 | Abyss:4  | Noticed a profane servitor
 49568 | Abyss:4  | Killed a profane servitor
 49569 | Abyss:4  | Reached XP level 21. HP: 153/201 MP: 26/26
 49747 | Abyss:4  | Reached skill level 20 in Ranged Weapons
 49761 | Vaults:4 | Escaped the Abyss
 50088 | Vaults:4 | Identified the +3 shortbow of the Scroll {freeze, Will+
                  | Str-3 Dex+7} (Okawaru gifted it to you on level 4 of the
                  | Vaults)
 50088 | Vaults:4 | Received a gift from Okawaru
 50146 | Vaults:4 | Found a transporter.
 50199 | Vaults:4 | Noticed Nornya's ghost (veteran MfSu)
 50220 | Vaults:4 | Found a transporter.
 50494 | Vaults:4 | Found Hoothet's General Store.
 50932 | Vaults:4 | Identified the +2 robe of a volcano {-Cast Will+ Str+3}
                  | (Okawaru gifted it to you on level 4 of the Vaults)
 50932 | Vaults:4 | Received a gift from Okawaru
 51494 | Depths:1 | Entered Level 1 of the Depths
 51822 | Depths:1 | Found a gateway to Hell.
 51956 | Depths:1 | Found Povyr's Armour Shop.
 52029 | Depths:1 | Noticed a caustic shrike
 52032 | Depths:1 | Upgraded the game from 0.30.0-29-ga12c61a403 to
                  | 0.30.0-30-g96aa6591b8
 52032 | Arena    | Entered the Arena
 52042 | Arena    | Killed a caustic shrike
 52043 | Arena    | Reached skill level 21 in Ranged Weapons
 52099 | Depths:1 | Identified the +7 scale mail of the Orcish Mines {Harm
                  | *Slow Regen+ Dex+3}
 52263 | Depths:1 | Identified the ring of Autumn {Will+ Dex+2 Slay+2}
 52552 | Depths:1 | Reached XP level 22. HP: 209/209 MP: 27/27
 52680 | Depths:2 | Identified the +0 pair of gloves of the Nightingale {Harm
                  | +Blink rC+} (Okawaru gifted it to you on level 2 of the
                  | Depths)
 52680 | Depths:2 | Received a gift from Okawaru
 53591 | Depths:2 | Found Siryatem's Demolitions Depot.
 53600 | Depths:2 | Bought a manual of Evocations for 1280 gold pieces
 53809 | Depths:2 | Found a one-way gate leading to the halls of Pandemonium.
 53985 | Depths:2 | Noticed Mara
 54005 | Depths:2 | Killed Mara
 54288 | Depths:2 | Received a gift from Okawaru
 54492 | Depths:2 | Noticed a dread lich
 54508 | Depths:2 | Killed a dread lich
 54576 | Depths:2 | Identified the +8 shortbow "Ducetziri" {flame, rC+++}
 54577 | Depths:2 | Identified the +3 shortbow "Pijuasm" {flame, MP+9}
 54851 | Depths:3 | Noticed a golden dragon
 54862 | Depths:3 | Killed a golden dragon
 54863 | Depths:3 | Reached skill level 22 in Ranged Weapons
 54881 | Depths:3 | Received a gift from Okawaru
 55083 | Depths:3 | Noticed Margery
 55254 | Depths:2 | Killed Margery
 55612 | Depths:3 | Found a one-way gateway to a ziggurat.
 55632 | Depths:3 | Received a gift from Okawaru
 55677 | Depths:3 | Found a one-way gate to the infinite horrors of the Abyss.
 55928 | Depths:3 | Noticed a golden dragon
 55943 | Depths:3 | Killed a golden dragon
 56534 | Depths:4 | Entered Level 4 of the Depths
 56552 | Depths:4 | Reached XP level 23. HP: 208/223 MP: 28/28
 56695 | Depths:4 | Received a gift from Okawaru
 56695 | Depths:4 | Found the +7 Kryia's mail coat {PotionHeal*2 rC+}
 57077 | Depths:4 | Noticed Frederick
 57940 | Depths:4 | Noticed a juggernaut
 58034 | Depths:4 | Killed a juggernaut
 58170 | Depths:4 | Reached skill level 23 in Ranged Weapons
 58536 | Depths:4 | Found a gate to the Realm of Zot.
 59010 | Orc:2    | Bought the ring of Dipn {AC+4 Str+3} for 690 gold pieces
 59010 | Orc:2    | Bought the ring of Ajona {rPois rF++ rCorr AC+4 Str-3} for
                  | 896 gold pieces
 59456 | Elf:3    | Entered Level 3 of the Elven Halls
 59564 | Elf:3    | Found Heipyzuv's Antique Armour Boutique.
 59989 | Elf:3    | Received a gift from Okawaru
 60107 | Elf:2    | Reached skill level 15 in Evocations
 60291 | Elf:3    | Found a radiant altar of Vehumet.
 60410 | Elf:3    | Found a stormy altar of Qazlal.
 60413 | Elf:3    | Paralysed by an air elemental for 1 turns
 60513 | Elf:3    | Identified the +8 spear of Welfare {protect, rC++ Will+
                  | rCorr Stlth+}
 61171 | Elf:3    | Identified the +8 chain mail of the Heron {rElec Str+3}
 61171 | Elf:3    | Identified the ring "Deow" {rF- rCorr Str+6 Int+3 Slay+3}
 61202 | Elf:3    | Identified the +3 war axe of the Blind Eye {venom, rF+}
 61202 | Elf:3    | Identified the amulet of the Princeling {Faith rElec rN+
                  | Str-3 Stlth+}
 61260 | Elf:3    | Got Sif Muna's Disquisition on Transportation
 61263 | Elf:3    | Identified the +0 crystal plate armour "Ticaoxte" {rPois}
 61265 | Elf:3    | Identified the staff of air "Natsim" {rElec rF++ Will-
                  | Str+6}
 61267 | Elf:3    | Identified the staff of earth "Zielesen" {rElec rCorr
                  | Str-5}
 61274 | Elf:3    | Identified the staff of conjuration "Yreoruph" {rC+ rN++}
 61283 | Elf:3    | Identified the staff of conjuration "Xeivun" {rF+ Int+4}
 61767 | Zot:1    | Entered Level 1 of the Realm of Zot
 62238 | Zot:1    | Identified the +0 hat of Godiesij {Fly} (Okawaru gifted it
                  | to you on level 1 of the Realm of Zot)
 62238 | Zot:1    | Received a gift from Okawaru
 62429 | Zot:1    | Noticed an orb of fire
 62436 | Zot:1    | Gained mutation: You are somewhat resistant to further
                  | mutation. [an orb of fire]
 62449 | Zot:1    | Killed an orb of fire
 62455 | Zot:1    | Reached XP level 24. HP: 72/226 MP: 12/28
 62626 | Zot:1    | Found a transporter.
 62626 | Zot:1    | Found the +0 mask of the Dragon {Will+ Slay+3 SInv}
 62650 | Zot:1    | Found a transporter.
 63242 | Zot:1    | Identified the staff of cold "Jyos" {rC+ Int+2 SInv}
 63275 | Zot:1    | Noticed a shard shrike
 63286 | Zot:1    | Killed a shard shrike
 63329 | Zot:1    | Identified the +4 war axe of Otuhual {venom, Fragile rN+
                  | Int+4 Dex+7}
 63351 | Zot:1    | Noticed a shard shrike
 63396 | Zot:1    | Reached skill level 24 in Ranged Weapons
 63601 | Zot:1    | Killed a shard shrike
 65126 | Zot:2    | HP: 10/221 [red draconian/+2 mace of draining[a green
                  | draconian monk] (17)]
 65126 | Zot:2    | Killed from afar by a red draconian scorcher

Illustrated notes

Levels and vault maps discovered:
D:1:      nzn_arrival_depleted_hourglass, layout_loops_ring,
          dreamdust_ecumenical_altar_statues
D:2:      layout_basic, serial_shops, nicolae_shop_tiny_statue_garden,
          uniq_terence, uniq_robin
D:3:      layout_basic, minmay_gold_behind_fungi
D:4:      layout_gridville, minmay_misc_feat_encased
D:5:      layout_basic, grunt_temple_overflow_open,
          cheibrodos_sewer_entry_drain, uniq_menkaure, uniq_edmund
D:6:      cheibrodos_two_vegetables, layout_cave_pods
D:7:      layout_basic, riverfiend_overflow_shadow_ancestor, trog_hazing_becter,
          nicolae_ru_awakened_eye, mainiacjoe_overflow_big_doors,
          temple_doors_e, hellmonk_ghost_happy_afterlife, nicolae_stop_n_shop_2
D:8:      layout_rooms, due_lair_maze_entry_diamond, serial_rivers,
          chequers_serial_rivers_room_b, chequers_serial_rivers_small_a,
          chequers_serial_rivers_large_a, chequers_serial_rivers_room_b,
          chequers_serial_rivers_marsh, chequers_serial_rivers_large_b,
          guppyfry_early_elven_hall
D:9:      layout_roguey, lemuel_flamethrower_hall, uniq_gastronok
D:10:     layout_irregular_city, mainiacjoe_overflow_paths, david_orc_3,
          gammafunk_ghost_arena, serial_shops, shop
D:11:     layout_cave_pools, nicolae_vehumet_altar_sigil, uniq_sonja
D:12:     layout_long_grid, solitary_fountain
D:13:     layout_big_octagon, grunt_vaults_entry_tiered, serial_shops, shop,
          shop, shop, nicolae_shop_peninsula, serial_bayou_crossing
D:14:     layout_basic, elyvilon_altar_5, serial_park_tiny_pond
D:15:     grunt_enter_depths_snipers, layout_rooms, hangedman_cracks_in_the_wall
Temple:   hellmonk_temple_micro_hex
Lair:1:   layout_long_grid
Lair:2:   nzn_winding_woodlands_stair_cross
          [nzn_winding_woodlands_5x15_longhouse,
          nzn_winding_woodlands_center_lodge,
          nzn_winding_woodlands_5x15_concentric,
          nzn_winding_woodlands_5x5_open_star, nzn_winding_woodlands_hourglass,
          nzn_winding_woodlands_5x15_garden,
          nzn_winding_woodlands_center_garden,
          nzn_winding_woodlands_5x15_twine], layout_misc_corridors,
          minmay_swamp_entry_reptiles, hellmonk_spider_entry_not_the_bees
Lair:3:   layout_hall_layers, grunt_megastairs_4
Lair:4:   layout_long_grid, grunt_megastairs_5
Lair:5:   minmay_lair_end_frog_pond, layout_long_grid,
          nicolae_slime_entry_field_trip, serial_bayou_pond_c,
          infiniplex_staircase_pool, uniq_nessos
Swamp:1:  layout_basic_swamp, hangedman_swamp_blocks, swamp_pool3,
          nicolae_swamp_no_escape
Swamp:2:  layout_basic_swamp, evilmike_swamp_ruin_house_3,
          nicolae_swamp_spooky_pond
Swamp:3:  layout_falls_marsh, lemuel_altar_in_water, swamp_pool1,
          nicolae_swamp_bloodsuckers_inc, infiniplex_staircase_pool_2,
          uniq_aizul
Swamp:4:  swamp_old_school, layout_basic_swamp, nicolae_swamp_catching_bugs
Spider:1: layout_chambers
Spider:2: layout_spider_delve
Spider:3: layout_spider_delve
Spider:4: floodkiller_spider_rune_tomb
Orc:1:    layout_caves
Orc:2:    grunt_orc_gardens, layout_caves, grunt_orc_garden, grunt_orc_garden,
          grunt_orc_garden, grunt_orc_garden, serial_shops, shop
Elf:1:    layout_gridlike, serial_shops, nicolae_shop_scrapyard,
          hangedman_elf_disciples, nicolae_shop_sticking_my_neck_out,
          grunt_megastairs_2
Elf:2:    elven_hall_of_blades_hangedman_alternative
          [nooodl_blade_entry_preview], layout_geoelf_grid,
          portal_ice_cave_entry_dragon
Elf:3:    minmay_elf_hall_statues, layout_geoelf_octagon, serial_shops, shop,
          basic_altar, nicolae_elf_altarnating
Vaults:1: nicolae_vaults_tetromino_Z_2, nicolae_vaults_trapezoid_1,
          hangedman_vaults_restitches, v_rooms_2,
          nicolae_vaults_closet_pinwheel_4, vaults_room_grid,
          nicolae_vaults_network_square, nicolae_vaults_tetromino_T_1,
          hangedman_vaults_nails, v_pattern_3, layout_vaults_omnigrid
Vaults:2: nicolae_vaults_storage_closets_2, minmay_crypt_entry_simple_sparse,
          hangedman_vaults_maws, nicolae_vaults_puzzle_piece,
          nicolae_vaults_surprise_closet, hangedman_vaults_variations,
          nicolae_vaults_closet_pinwheel_1, vaults_room_octagon,
          ontoclasm_vaults_tryst, nicolae_vaults_know_your_exits,
          nicolae_vaults_tangram_1, nicolae_vaults_tetromino_Z_2,
          vaults_mumra_chevron, ontoclasm_vaults_gateway,
          ontoclasm_vaults_shuriken, layout_vaults_big_cross, serial_shops,
          shop, nicolae_shop_tiny_statue_garden, shop
Vaults:3: nicolae_vaults_stepped_doors, vaults_mumra_minichess_inversion,
          nicolae_vaults_surprise_closet, vaults_room_guarded_vault,
          nicolae_vaults_tetromino_L_2, nicolae_vaults_trapezoid_lopsided_3,
          nicolae_vaults_diamond_2, nicolae_vaults_shrinking_rooms_2, v_rooms_1,
          nicolae_vaults_storage_room_statues, nicolae_vaults_oval_intersection,
          hangedman_vaults_maws, nicolae_vaults_tetromino_T_1,
          nicolae_vaults_gold_heap, layout_vaults_chaotic_city
Vaults:4: gammafunk_ghost_mausoleum, ontoclasm_vaults_idyll,
          hangedman_vaults_corner_blocks, v_misc_15,
          hangedman_vaults_river_flow, ontoclasm_vaults_eye,
          hangedman_vaults_stitches, vaults_standard_mumra_enter_the_diamond,
          hangedman_vaults_maws, dpeg_vaults_monster_box,
          nicolae_vaults_shelves_hall, layout_vaults_ring, serial_shops,
          shop_coins, nicolae_shop_real_fake_doors
Depths:1: layout_cave_shapes, hellmouth_3, serial_shops,
          nicolae_shop_getting_attention, grunt_decor_fettered,
          minmay_the_grid_square_5x5_3x3_mashed
          [minmay_the_grid_square_5x5_mess,
          minmay_the_grid_square_5x5_two_walls_b,
          minmay_the_grid_square_5x5_bracketed,
          minmay_the_grid_square_5x5_spiral,
          minmay_the_grid_square_5x5_megaprize_crossed,
          minmay_the_grid_square_5x5_checkered_statues,
          minmay_the_grid_square_5x5_comb,
          minmay_the_grid_square_5x5_beaten_path,
          minmay_the_grid_square_5x5_three_small]
Depths:2: cheibrodos_cascadia, layout_honeycomb, hell_entry,
          grunt_pan_entry_spiral, nicolae_blasting_shop, minmay_starry_boxes,
          minmay_staircase_bubble, uniq_mara
Depths:3: wad_statue_garden, layout_gridlike, enter_ziggurat_f, abyss_entry,
          pf_hell_entry_tar_spiral, chequers_serial_rivers_micro_e,
          minmay_misc_feat_more_columns, minmay_fractal_squares_diagonal_5,
          uniq_margery
Depths:4: grunt_x_marks_the_spot, layout_honeycomb, pan_entry,
          grunt_mini_vestibule, minmay_curled_crystal, serial_bayou,
          serial_bayou_lake_a, serial_bayou_pond_c, serial_bayou_shore_b,
          serial_bayou_pond_e, moated_statue, minmay_misc_feat_columns,
          uniq_frederick
Zot:1:    minmay_elemental_castle, layout_basic,
          chequers_guarded_unrand_mask_of_the_dragon
Zot:2:    layout_twisted_circle
Zot:3:    layout_misc_corridors, uniq_josephina

Skill      XL: |  1  2  3  4  5  6  7  8  9 10 11 12 13 14 15 16 17 18 19 20 21 22 23 24 |
---------------+-------------------------------------------------------------------------+-----
Ranged Weapons | 5 6 7 8 9 10 12 13 15 16 17 18 19 21 22 23 24 | 24.4
Fighting       | 3 4 5 6 8 12 15 16 18 19 20 22 | 22.2
Invocations    | 3 4 8 9 13 | 13.0
Armour         | 7 10 15 18 20 21 22 23 | 23.2
Evocations     | 5 9 10 11 13 17 18 | 18.1
Dodging        | 3 9 12 16 19 22 | 22.3
Stealth        | |  0.7

Action                     |  1- 3 |  4- 6 |  7- 9 | 10-12 | 13-15 | 16-18 | 19-21 | 22-24 || total
---------------------------+-------+-------+-------+-------+-------+-------+-------+-------++-------
  Melee: Shortbow          |       |       |     2 |       |       |       |       |       ||     2
         Staff             |       |       |       |       |       |    27 |    14 |    78 ||   119
         Rapier            |       |       |       |       |       |     1 |       |       ||     1
         Headbutt          |       |       |       |       |       |     3 |     5 |    25 ||    33
         Arbalest          |       |       |       |       |       |     3 |       |       ||     3
         Punch             |       |       |       |       |       |       |       |     1 ||     1
   Fire: Shortbow          |    77 |   155 |   521 |  1037 |       |       |       |       ||  1790
         Arbalest          |       |       |       |   104 |  1101 |  1382 |  1888 |  1541 ||  6016
         Hand crossbow     |       |       |       |       |       |       |       |    10 ||    10
  Throw: Dart              |       |       |       |     4 |       |       |       |       ||     4
 Invoke: Heroism           |       |     1 |    13 |    20 |     5 |     7 |    16 |     6 ||    68
         Finesse           |       |       |       |     2 |       |     2 |     4 |     2 ||    10
         Duel              |       |       |       |       |       |     2 |     4 |       ||     6
Ability: Evoke the Staff o |       |       |       |       |       |    49 |    18 |    58 ||   125
  Evoke: Wand              |       |       |    10 |     4 |     3 |       |       |     5 ||    22
         Tin of tremorston |       |       |       |       |       |     2 |       |       ||     2
         Lightning rod     |       |       |       |       |       |       |     2 |       ||     2
    Use: Scroll            |       |       |     6 |    15 |     6 |     4 |     7 |     3 ||    41
         Potion            |       |       |     2 |     1 |       |     3 |     7 |     1 ||    14
 Armour: Leather armour    |     8 |    14 |    35 |       |       |       |       |       ||    57
         Scale mail        |       |       |    83 |   488 |       |       |       |   329 ||   900
         Ring mail         |       |       |       |     6 |   358 |   570 |   382 |   112 ||  1428
         Ice dragon scales |       |       |       |       |       |       |    56 |       ||    56
  Dodge: Dodged            |    10 |    48 |   221 |   461 |   421 |   832 |  1317 |  1200 ||  4510
